 Dungeon Crawl Stone Soup version 0.23.2-33-g5129a83184 (webtiles) character file.

Game seed: 6666005811854433329

376 Blejac999 the Sneak (level 6, -6/28 HPs)
             Began as a Felid Monk on Aug 3, 2019.
             Mangled by an orc
             ... wielding a +0 trident
              (9 damage)
             ... on level 4 of the Dungeon.
             The game lasted 00:09:49 (3613 turns).

Blejac999 the Sneak (Felid Monk)                    Turns: 3613, Time: 00:09:50

Health: -6/28      AC:  2    Str:  9    XL:     6   Next: 44%
Magic:  7/7        EV: 21    Int: 12    God:
Gold:   153        SH:  0    Dex: 20    Spells: 5/5 levels left
                                        Lives:  0   Deaths: 1

rFire    . . .     SeeInvis +     - Unarmed
rCold    . . .     Gourm    .   (shield unavailable)
rNeg     . . .     Faith    .   (armour unavailable)
rPois    +         Spirit   .   (helmet unavailable)
rElec    .         Reflect  .   (cloak unavailable)
rCorr    .         Harm     .   (gloves unavailable)
MR       .....                  (boots unavailable)
Stlth    ++++......             (no amulet)
HPRegen  0.09/turn              f - ring of poison resistance
MPRegen  0.10/turn              d - +2 ring of strength

@: hasted, very quick
A: very small, no armour, no weapons or thrown items, stealth, claws 1, fangs 3,
see invisible, carnivore, speed 1, shaggy fur 2, slow metabolism 1, sharp paws
a: no special abilities


You were on level 4 of the Dungeon.
You were completely stuffed.

You visited 1 branch of the dungeon, and saw 4 of its levels.

You collected 153 gold pieces.

Inventory:

Jewellery
 d - a +2 ring of strength (right paw)
 f - a ring of poison resistance (left paw)
 h - an uncursed amulet of the gourmand
Scrolls
 b - 2 scrolls of remove curse
 e - 4 scrolls of identify
 j - a scroll of teleportation
Comestibles
 a - 4 rations
 c - 12 chunks of flesh


   Skills:
 + Level 3.5 Fighting
 + Level 5.1 Dodging
 * Level 7.5 Stealth
 + Level 5.2 Unarmed Combat
   Level 1.0 Evocations


You had 5 spell levels left.
You didn't know any spells.
Your spell library was empty.

Dungeon Overview and Level Annotations

Branches:
Dungeon (4/15)
 Temple: D:4-7

Altars:


Innate Abilities, Weirdness & Mutations

You cannot wear armour.
You are incapable of wielding weapons or throwing items.
Your paws allow you to move quietly. (Stealth)
You have sharp claws.
You have razor-sharp teeth.
You have supernaturally acute eyesight. (SInv)
You are carnivorous and can eat meat at any time.
You cover ground quickly.
You are covered in thick fur. (AC +2)
You have a slow metabolism.
Your sharp claws are effective at attacking unaware monsters.


Message History

The orc hits you from afar with a +0 trident.
You open the door. The orc wizard closely misses you.
The orc closely misses you. The orc wizard completely misses you.
The orc wizard barely misses you. The orc wizard casts a spell at you.
The puff of flame hits you!
There is an open door here.
You scratch the orc.
The orc is heavily wounded.
The orc misses you.
You scratch the orc wizard but do no damage.
The orc wizard is heavily wounded.
The orc hits you from afar with a +0 trident.
The orc wizard gestures at you while chanting.
The magic dart hits you.
* * * LOW HITPOINT WARNING * * *
You feel yourself speed up.
You feel yourself speed up.
The orc hits you from afar with a +0 trident!
You die...

####..##..###....##..#####....#..
#..........#...(.##..#........#..
#..........#......#(.#........##'
#.....######.....##(.)...)#+##.O.
#.<...# #.....##..#....#..#...
####### +.........#....#..#...
#.....#####....#..#... #.....#
#....#..#... #....@# #....'..#...
####o## #....#..###+
#..oo.#####)...#..#
#...o.#........#..#
#.....'........#..#
+.....#........#..#
#+#####........#..#
...............#...
........)......#


You could see 2 orc wizards and 2 orcs.

Vanquished Creatures
  3 ogres (D:4)
  An orc priest (D:4)
  Ijyb (D:3)
  An iguana (D:2)
  An orc wizard (D:4)
  6 adders
  A gnoll (D:1)
  An ooze (D:1)
  2 worms
  2 dart slugs
  A leopard gecko (D:3)
  9 orcs
  2 bats
  4 giant cockroaches
  4 goblins
  6 hobgoblins
  4 jackals
  2 ball pythons
  3 frilled lizards
  5 kobolds
  10 rats
69 creatures vanquished.

Vanquished Creatures (others)
  5 toadstools (D:1)
5 creatures vanquished.

Grand Total: 74 creatures vanquished

Notes
Turn   | Place    | Note
-------+----------+-------------------------------------------
     0 | D:1      | Blejac999 the Felid Monk began the quest for the Orb.
     0 | D:1      | Reached XP level 1. HP: 10/10 MP: 2/2
    66 | D:1      | Reached skill level 3 in Stealth
    66 | D:1      | Reached XP level 2. HP: 14/14 MP: 3/3
   742 | D:2      | Reached XP level 3. HP: 11/17 MP: 4/4
  1153 | D:2      | Reached skill level 4 in Stealth
  1158 | D:2      | Reached XP level 4. HP: 12/21 MP: 5/5
  2187 | D:3      | Noticed Ijyb
  2194 | D:3      | Killed Ijyb
  2194 | D:3      | Reached skill level 5 in Stealth
  2194 | D:3      | Reached XP level 5. HP: 24/24 MP: 6/6
  2370 | D:3      | HP: 1/24 [jackal (3)]
  3374 | D:4      | Noticed an ogre
  3374 | D:4      | Noticed a phantom
  3393 | D:4      | HP: 1/24 [ogre/+0 giant club (16)]
  3395 | D:4      | Killed an ogre
  3395 | D:4      | Reached skill level 6 in Stealth
  3395 | D:4      | Gained mutation: You are covered in thick fur. (AC +2)
                  | [Felid growth]
  3395 | D:4      | Reached XP level 6. HP: 2/28 MP: 7/7
  3397 | D:4      | Slain by a phantom
  3398 | D:4      | Reached XP level 5. HP: -5/24 MP: 6/6
  3508 | D:4      | Noticed an ogre
  3537 | D:4      | Noticed an ogre
  3545 | D:4      | Killed an ogre
  3545 | D:4      | Reached skill level 5 in Dodging
  3545 | D:4      | Reached skill level 1 in Evocations
  3588 | D:4      | Killed an ogre
  3588 | D:4      | Reached skill level 7 in Stealth
  3588 | D:4      | Reached skill level 5 in Unarmed Combat
  3588 | D:4      | Reached XP level 6. HP: 28/28 MP: 7/7
  3613 | D:4      | Mangled by an orc

Skill      XL: |  1  2  3  4  5 |
---------------+----------------+-----
Stealth        | 3 4 5 7 |  7.5
Unarmed Combat | 4 5 |  5.2
Dodging        | 5 |  5.1
Evocations     | 1 |  1.0
Fighting       | |  3.5

Action                   |  1- 3 |  4- 6 || total
-------------------------+-------+-------++-------
Melee: Unarmed           |    75 |   215 ||   290
       Bite              |     7 |    30 ||    37
       Punch             |     1 |     3 ||     4
Evoke: Wand              |       |    18 ||    18
  Use: Potion            |     6 |     4 ||    10
       Scroll            |     1 |     4 ||     5
 Stab: Sleeping          |     8 |     9 ||    17
       Confused          |       |     1 ||     1
       Paralysed         |       |     1 ||     1
  Eat: Chunk             |     8 |    10 ||    18
Armor: Skin              |       |     6 ||     6
Dodge: Dodged            |    60 |   123 ||   183
